 Dungeon Crawl Stone Soup version 0.26-a0-52-gd53d4cd058 (webtiles) character file.

Game seed: 5513736321280103700

40 Hasart the Shield-Bearer (level 3, 0/29 HPs)
             Began as a Formicid Fighter on June 6, 2020.
             Slain by a quasit (2 damage)
             ... while paralysed
             ... on level 2 of the Dungeon.
             The game lasted 00:01:49 (696 turns).

Hasart the Shield-Bearer (Formicid Fighter)          Turns: 696, Time: 00:01:50

Health: 0/29       AC:  6    Str: 20    XL:     3   Next: 72%
Magic:  3/3        EV:  2    Int:  8    God:
Gold:   76         SH:  0    Dex: -1 (10) Spells: 2/2 levels left

rFire    . . .     SeeInvis +   a - +0 war axe
rCold    . . .     Gourm    .   c - +0 kite shield
rNeg     . . .     Faith    .   b - +0 scale mail
rPois    .         Spirit   .   (helmet unavailable)
rElec    .         Reflect  .   (no cloak)
rCorr    .         Harm     .   (no gloves)
MR       .....                  (no boots)
Stlth    ..........             (no amulet)
HPRegen  0.09/turn              (no ring)
MPRegen  0.08/turn              (no ring)

@: paralysed, slowed, lost dexterity
A: permanent stasis, dig shafts and tunnels, four strong arms, antennae 3
a: Dig, Shaft Self


You were on level 2 of the Dungeon.
You were not hungry.

You visited 1 branch of the dungeon, and saw 2 of its levels.

You collected 76 gold pieces.

Inventory:

Hand Weapons
 a - a +0 war axe (weapon)
Armour
 b - a +0 scale mail (worn)
 c - a +0 kite shield (worn)
Scrolls
 e - 4 scrolls of teleportation {unknown}
 h - a scroll of identify {unknown}
 k - a scroll of enchant armour {unknown}
Potions
 d - a potion of might
 i - a potion of mutation {unknown}
 j - a potion of flight {unknown}
 l - a potion of curing {unknown}
Comestibles
 f - 4 rations
 g - 6 chunks of flesh


   Skills:
 + Level 3.6 Fighting
 * Level 2.8 Axes
 + Level 3.6 Armour
 + Level 4.0 Shields


You had 2 spell levels left.
You didn't know any spells.
Your spell library was empty.

Dungeon Overview and Level Annotations

Branches:
Dungeon (2/15)

Altars:


Innate Abilities, Weirdness & Mutations

You cannot be hasted, slowed, berserked, paralysed or teleported.
You can dig through walls and to a lower floor.
Your four strong arms can wield two-handed weapons with a shield.
You have a pair of large antennae on your head. (SInv)


Message History

You closely miss the quasit.
The quasit is heavily wounded.
The quasit bites you.
* * * LOW HITPOINT WARNING * * *
The quasit claws you but does no damage.
You block the quasit's attack. The quasit bites you.
* * * LOW HITPOINT WARNING * * *
You feel clumsy.
You have lost your dexterity.
The quasit claws you but does no damage.
The quasit claws you.
* * * LOW HITPOINT WARNING * * *
The quasit bites you.
* * * LOW HITPOINT WARNING * * *
The quasit claws you but does no damage.
The quasit claws you.
* * * LOW HITPOINT WARNING * * *
You feel clumsy.
The quasit bites you but does no damage.
The quasit claws you.
You die...

..#.#.# ###.#.# #.#.#
###.#.# .>..#'###
........##########
........'........#
.......<########.####
........# #.....@...#
######### #.....5...#
#.........#
#.........#
#.........#
#.........#
#.........'
#.........##


You could see a quasit.

Vanquished Creatures
  A worm (D:2)
  A dart slug (D:1)
  6 bats
  4 giant cockroaches
  4 goblins
  4 hobgoblins (D:1)
  2 frilled lizards (D:1)
  4 kobolds
  7 rats
33 creatures vanquished.

Notes
Turn   | Place    | Note
-------+----------+-------------------------------------------
     0 | D:1      | Hasart the Formicid Fighter began the quest for the Orb.
     0 | D:1      | Reached XP level 1. HP: 18/18 MP: 1/1
   156 | D:1      | Reached XP level 2. HP: 24/24 MP: 2/2
   368 | D:1      | Reached XP level 3. HP: 29/29 MP: 3/3
   465 | D:1      | You fall into a shaft and drop 1 floor!
   494 | D:2      | Reached skill level 4 in Shields
   694 | D:2      | Lost dexterity.
   696 | D:2      | Slain by a quasit

Illustrated notes

Levels and vault maps discovered:
D:1:      saegor_arrival_simple_e, layout_basic
D:2:      layout_basic, fedhas_altar_1, lemuel_crystal_altar, st_stairs_4,
          uniq_natasha

Skill      XL: |  1  2  3 |
---------------+----------+-----
Shields        | 4 |  4.0
Fighting       | |  3.6
Axes           | |  2.8
Armour         | |  3.6

Action                   || total
-------------------------++-------
Melee: War axe           ||   117
Armor: Scale mail        ||    93
Dodge: Dodged            ||    55
Block: Kite shield       ||    82

Table legend:
 A = Non-vault XP
 B = Vault XP
 C = Vault XP percentage of total XP
 D = Non-vault monster count
 E = Vault monster count
 F = Vault count percentage of total count
                 A         B        C        D         E       F
            +---------+---------+-------+---------+---------+-------
      Total |      52 |       6 |  10.3 |      30 |       3 |   9.1
            +---------+---------+-------+---------+---------+-------
        D:1 |      35 |       0 |   0.0 |      21 |       0 |   0.0
        D:2 |      17 |       6 |  26.1 |       9 |       3 |  25.0
            +---------+---------+-------+---------+---------+-------
